Map: Oceanborn LE

Players

LiquidClem (Clem)

  • Race: Terran Terran
  • League: Grandmaster
  • Spawn Location: 11:00

MaxPax - Winner!

  • Race: Protoss Protoss
  • League: Grandmaster
  • Spawn Location: 5:00

VOD

Have the link to the VOD?

Description

Time

  • Played on: Oct. 23, 2023, 3:37 p.m.
  • Length: 14:47
Show
View Real Time Build Order
Export as new Build Order

LiquidClem Terran 

Build Orders:  

Get SALT Encoding   

  12  0:00  SCV  
  13  0:12  SCV  
  14  0:17  Supply Depot  
  14  0:24  SCV  
  15  0:38  SCV  
  15  0:40  Barracks  
  16  0:44  Refinery  
  16  0:50  SCV  
  16  0:52  Refinery  
  16  1:03  SCV  
  17  1:15  SCV  
  18  1:31  Orbital Command, Reaper  
  19  1:33  Supply Depot  
  19  1:42  Factory  
  19  1:56  SCV  
  20  2:08  SCV  
  20  2:09  Barracks Reactor  
  21  2:20  SCV  
  22  2:25  Command Center  
  24  2:31  Starport  
  24  2:32  SCV  
  23  2:44  Widow Mine  
  25  2:46  Marine, SCV  
  25  2:47  Supply Depot  
  25  2:50  Marine  
  28  2:58  SCV  
  28  3:04  Marine  
  30  3:08  Marine  
  30  3:09  Widow Mine  
  30  3:10  SCV  
  30  3:12  Medivac  
  36  3:22  SCV  
  36  3:23  Marine  
  36  3:25  Marine  
  38  3:35  SCV  
  38  3:38  Orbital Command  
  41  3:42  Barracks  
  41  3:45  Starport Tech Lab, Factory Tech Lab  
  41  3:46  Marine  
  41  3:47  Marine  
  41  3:50  SCV  
  42  3:57  Orbital Command, Supply Depot  
  42  4:02  SCV  
  43  4:06  Siege Tank  
  46  4:12  Raven  
  46  4:14  SCV  
  49  4:17  Marine x2  
  51  4:24  SCV  
  51  4:26  SCV  
  51  4:29  Marine  
  54  4:31  Barracks  
  54  4:35  Supply Depot  
  54  4:37  Marine  
  54  4:38  Marine, SCV  
  57  4:39  SCV  
  58  4:47  Marine  
  58  4:49  Siege Tank  
  62  4:56  SCV  
  62  4:58  Marine x2, SCV  
  62  5:02  Refinery  
  62  5:04  Bunker, Supply Depot  
  62  5:09  SCV  
  62  5:10  SCV  
  64  5:14  Supply Depot  
  64  5:16  Marine x2  
  64  5:20  Marauder  
  64  5:21  SCV  
  69  5:22  SCV  
  69  5:26  Siege Tank  
  73  5:28  Stimpack  
  73  5:33  SCV  
  73  5:34  SCV  
  73  5:36  Marine x2  
  73  5:37  Supply Depot  
  73  5:41  Engineering Bay  
  75  5:43  Marauder  
  75  5:46  SCV  
  75  5:48  Supply Depot  
  79  5:51  Supply Depot  
  79  5:56  Marine x2  
  79  5:57  Starport Reactor, SCV  
  80  6:02  SCV  
  81  6:05  Marauder  
  81  6:06  Factory Reactor  
  81  6:07  Supply Depot  
  81  6:09  Marauder, Refinery  
  81  6:11  Combat Shield  
  85  6:12  SCV  
  85  6:16  Terran Infantry Weapons Level 1  
  86  6:19  SCV  
  86  6:22  Marine x2  
  89  6:26  Supply Depot  
  89  6:27  SCV  
  89  6:29  Marauder  
  92  6:34  Medivac  
  92  6:39  Medivac  
  96  6:42  Marauder  
  96  6:44  Widow Mine  
  96  6:45  Widow Mine  
  102  6:51  Command Center  
  102  6:54  Supply Depot  
  102  6:56  Marauder  
  102  6:59  Marine  
  102  7:00  Marine, Supply Depot  
  106  7:07  Widow Mine  
  108  7:08  Concussive Shells  
  108  7:09  Medivac  
  108  7:12  Supply Depot  
  108  7:14  Marauder  
  112  7:16  Marine  
  112  7:18  Marine  
  112  7:20  Medivac  
  112  7:21  Marauder  
  122  7:30  Widow Mine x2  
  122  7:33  Barracks  
  122  7:36  Barracks  
  122  7:37  Barracks  
  122  7:38  Marine x2  
  124  7:44  Armory  
  124  7:47  Medivac  
  124  7:50  Marauder  
  128  7:53  Widow Mine x2  
  132  7:58  Supply Depot  
  132  8:02  Marauder  
  134  8:07  Orbital Command  
  134  8:09  Marine x2  
  134  8:12  Marauder  
  138  8:18  SCV, Widow Mine x2  
  138  8:19  Medivac  
  145  8:22  Medivac  
  145  8:26  Barracks Tech Lab x2  
  147  8:29  Marauder  
  147  8:33  Marine x2  
  150  8:39  Marauder  
  146  8:44  Widow Mine x2  
  148  8:49  SCV  
  148  8:51  Marine, Marauder  
  146  8:57  Marauder, SCV  
  146  9:00  Marine  
  148  9:04  Marauder  
  148  9:05  Widow Mine  
  148  9:08  SCV  
  148  9:09  Marauder  
  137  9:12  Marine  
  137  9:13  SCV  
  137  9:14  SCV  
  139  9:17  Widow Mine  
  139  9:20  SCV  
  139  9:23  Marine  
  141  9:25  SCV  
  141  9:26  Marine, Widow Mine, SCV  
  131  9:33  SCV  
  131  9:34  Marauder  
  131  9:35  Marauder  
  131  9:37  SCV, Marine  
  129  9:41  Widow Mine  
  129  9:44  Orbital Command  
  129  9:45  SCV  
  132  9:47  Viking  
  132  9:48  Widow Mine  
  138  9:52  Marauder  
  138  9:59  Viking, SCV  
  139  10:03  SCV  
  140  10:09  SCV  
  140  10:11  Marine x2  
  140  10:12  Marauder, SCV  
  145  10:15  SCV  
  146  10:22  SCV  
  146  10:24  SCV  
  146  10:25  Widow Mine  
  146  10:26  Widow Mine  
  146  10:28  Supply Depot  
  152  10:33  Marine  
  152  10:34  Marauder  
  154  10:36  Marauder  
  154  10:39  Viking x2  
  152  10:43  SCV  
  152  10:45  SCV  
  152  10:47  SCV  
  150  10:50  Terran Infantry Armor Level 1, Ghost Academy  
  150  10:52  Widow Mine  
  150  10:55  SCV  
  151  10:57  Marine x2  
  151  10:58  SCV  
  151  10:59  Marauder  
  151  11:02  Marauder  
  138  11:07  Widow Mine  
  138  11:08  SCV, Marauder  
  138  11:10  SCV  
  137  11:13  Marine  
  137  11:15  SCV  
  137  11:20  SCV  
  132  11:27  Viking  
  132  11:29  Viking  
  129  11:33  SCV  
  129  11:34  SCV  
  129  11:36  Ghost  
  133  11:40  Ghost  
  133  11:44  Ghost  
  137  11:48  Refinery  
  137  11:49  Marine x2  
  137  11:53  Widow Mine x2  
  143  12:01  Viking x2  
  147  12:03  Ghost  
  147  12:06  Marine  
  147  12:07  Marine  
  147  12:08  SCV  
  146  12:09  Refinery  
  146  12:10  SCV  
  146  12:13  Ghost  
  149  12:16  Marine, Marauder  
  148  12:23  Widow Mine x2  
  148  12:24  Marine  
  148  12:28  Marauder  
  155  12:33  Marauder  
  155  12:34  Marine  
  158  12:37  Viking  
  158  12:38  Marauder  
  158  12:39  Medivac  
  158  12:41  Supply Depot  
  158  12:42  Marine  
  158  12:43  Marauder  
  167  12:48  Supply Depot  
  167  12:49  Marauder  
  169  12:52  Marine, Widow Mine x2  
  169  12:54  Marauder  
  176  12:58  Ghost  
  176  13:04  Marauder  
  180  13:06  Marine  
  180  13:07  Medivac  
  180  13:09  Medivac  
  180  13:11  Marauder  
  180  13:12  Marine  
  188  13:16  Marauder  
  190  13:23  Marine  
  187  13:28  Marauder x2  
  187  13:30  Marine  
  187  13:32  Marauder  
  194  13:37  Marauder  
  196  13:42  Command Center  
  196  13:47  Engineering Bay  
  196  13:51  Viking  
  196  13:52  Viking  
  196  13:53  SCV  
  197  13:57  SCV  
  197  13:59  SCV  
  197  14:01  Marine  
  196  14:05  SCV  
  197  14:12  SCV  
  197  14:13  SCV  
  197  14:17  SCV, Marauder  
  197  14:20  Marauder  
  197  14:25  Marine  
  197  14:27  Marine  
Show
View Real Time Build Order
Export as new Build Order

MaxPax Protoss - Winner!

Build Orders: 1 Gate Expand, Blink Stalkers 

Get SALT Encoding   

  12  0:00  Probe  
  13  0:12  Probe  
  14  0:17  Pylon  
  14  0:24  Probe  
  15  0:35  Gateway  
  15  0:39  Probe (Chrono Boost)  
  16  0:48  Probe (Chrono Boost)  
  17  0:52  Assimilator  
  17  0:53  Probe (Chrono Boost)  
  17  1:05  Probe  
  18  1:17  Probe  
  19  1:23  Cybernetics Core  
  19  1:34  Nexus  
  19  1:41  Pylon  
  19  1:44  Probe  
  20  1:49  Assimilator  
  20  1:56  Adept (Chrono Boost)  
  20  1:57  Probe  
  23  2:02  Warp Gate  
  23  2:09  Probe  
  24  2:16  Adept (Chrono Boost)  
  24  2:21  Probe  
  27  2:31  Twilight Council  
  27  2:33  Probe  
  27  2:48  Stalker  
  27  2:49  Probe (Chrono Boost)  
  27  2:50  Probe (Chrono Boost)  
  33  2:59  Probe (Chrono Boost)  
  33  3:00  Probe (Chrono Boost)  
  33  3:04  Probe  
  33  3:08  Blink (Chrono Boost)  
  33  3:09  Probe  
  35  3:16  Probe  
  35  3:21  Probe  
  36  3:28  Probe  
  36  3:33  Gateway, Probe  
  38  3:40  Probe  
  39  3:45  Robotics Facility, Probe  
  40  3:50  Stalker  
  40  3:53  Probe  
  40  3:55  Pylon  
  43  4:00  Probe  
  44  4:05  Probe  
  45  4:12  Probe  
  45  4:15  Stalker  
  48  4:17  Probe  
  49  4:24  Probe  
  49  4:26  Nexus  
  49  4:29  Probe  
  49  4:30  Pylon  
  51  4:37  Stalker  
  53  4:42  Probe  
  54  4:48  Probe  
  54  4:50  Observer  
  56  4:54  Probe  
  55  5:00  Probe  
  55  5:06  Probe  
  57  5:11  Charge (Chrono Boost)  
  57  5:13  Stalker x2  
  62  5:23  Pylon  
  62  5:25  Observer  
  62  5:27  Gateway  
  62  5:30  Gateway  
  62  5:36  Pylon  
  62  5:38  Probe (Chrono Boost)  
  62  5:41  Probe (Chrono Boost)  
  62  5:42  Stalker x2  
  68  5:43  Probe (Chrono Boost)  
  68  5:49  Observer  
  70  5:50  Probe (Chrono Boost)  
  70  5:52  Probe (Chrono Boost)  
  70  5:53  Observer  
  70  5:54  Probe (Chrono Boost)  
  70  5:55  Probe (Chrono Boost)  
  73  5:57  Probe (Chrono Boost)  
  73  6:01  Forge  
  73  6:02  Gateway, Probe  
  75  6:05  Gateway  
  75  6:07  Observer  
  75  6:08  Pylon  
  75  6:09  Probe  
  76  6:12  Probe  
  76  6:14  Probe  
  78  6:20  Gateway  
  78  6:21  Gateway  
  78  6:22  Warp Prism (Chrono Boost), Probe  
  81  6:32  Sentry, Zealot x2  
  83  6:33  Protoss Ground Weapons Level 1 (Chrono Boost), Probe  
  83  6:37  Pylon  
  88  6:42  Shield Battery, Probe x2  
  88  6:46  Gateway  
  90  6:48  Gateway  
  90  6:50  Pylon  
  90  6:53  Sentry  
  92  6:59  Immortal (Chrono Boost), Probe  
  94  7:04  Stalker  
  98  7:10  Pylon, Stalker  
  98  7:15  Observer, Zealot  
  102  7:16  Zealot x3  
  102  7:17  Zealot  
  102  7:22  Pylon  
  109  7:23  Probe  
  109  7:26  Observer  
  110  7:39  Zealot x2  
  110  7:40  Zealot x3  
  110  7:42  Pylon  
  110  7:43  Pylon x2  
  120  7:47  Observer  
  120  7:48  Zealot x5  
  120  7:50  Pylon  
  128  7:52  Probe  
  128  7:55  Observer  
  129  7:59  Robotics Bay  
  127  8:06  Nexus  
  127  8:13  Probe  
  127  8:14  Assimilator  
  128  8:20  Protoss Ground Armor Level 1 (Chrono Boost)  
  128  8:23  Stalker x2  
  128  8:24  Photon Cannon, Stalker  
  134  8:31  Photon Cannon  
  130  8:47  Zealot x5  
  138  8:51  Zealot x5  
  133  9:03  Observer  
  133  9:07  Zealot x5  
  128  9:12  Zealot x5  
  106  9:31  Zealot x2  
  106  9:32  Zealot x3  
  106  9:36  Colossus (Chrono Boost)  
  109  9:40  Extended Thermal Lance  
  109  9:42  Zealot x5  
  121  9:52  Probe  
  122  9:53  Probe x2  
  122  9:55  Nexus  
  124  10:04  Probe  
  123  10:16  Zealot x9  
  123  10:17  Zealot  
  123  10:20  Probe  
  144  10:21  Colossus (Chrono Boost)  
  144  10:38  Pylon  
  144  10:42  Zealot x6  
  142  10:51  Probe  
  142  10:56  Stalker x2  
  141  10:57  Stalker x2  
  135  11:07  Stalker  
  135  11:08  Observer, Stalker x3  
  140  11:20  Probe  
  135  11:27  Colossus (Chrono Boost)  
  135  11:31  Zealot x7  
  153  11:33  Probe  
  153  11:36  Probe  
  153  11:37  Zealot  
  153  11:38  Protoss Ground Weapons Level 2 (Chrono Boost)  
  153  11:39  Probe  
  142  12:09  Warp Prism (Chrono Boost)  
  142  12:10  Zealot x7  
  142  12:12  Probe  
  157  12:15  Assimilator  
  153  12:24  Stalker x3  
  153  12:27  Probe  
  160  12:30  Probe  
  160  12:36  Shield Battery  
  161  12:37  Colossus (Chrono Boost)  
  167  12:44  Probe  
  167  12:49  Assimilator, Probe  
  167  12:50  Assimilator  
  167  12:51  Pylon  
  169  12:58  Robotics Facility  
  167  13:00  Robotics Facility  
  167  13:02  Nexus, Zealot x4, Photon Cannon  
  167  13:03  Pylon  
  167  13:04  Pylon  
  175  13:15  Observer  
  175  13:18  Probe  
  176  13:25  Forge  
  175  13:31  Zealot x8  
  175  13:32  Zealot x2  
  195  13:36  Dark Shrine  
  198  13:48  Disruptor (Chrono Boost)  
  198  13:51  Disruptor (Chrono Boost), Shield Battery  
  198  13:53  Pylon  
  194  13:56  Disruptor (Chrono Boost)  
  188  14:05  Shield Battery  
  188  14:07  Pylon  
  182  14:18  Zealot x5  
  190  14:36  Zealot x5  
Tags
 
Add a new tag
Caveats
  • Supply blocks, unpowered buildings, or Contaminate may cause inaccurate times.
  • Supply counts are checked every 10 seconds.